 Dungeon Crawl Stone Soup version 0.31-a0-986-g5e6e4ef867 (webtiles) character file.

Game seed: 3054340150797362404

507 Hubris850 the Digger (level 6, -1/45 HPs)
             Began as a Draconian Earth Elementalist on Nov 21, 2023.
             Was a Follower of Nemelex Xobeh.
             Slain by a mummy (4 damage)
             ... in an ossuary.
             The game lasted 00:10:07 (4464 turns).

Hubris850 the Digger (Draconian Earth Elementalist) Turns: 4464, Time: 00:10:08

Health: -1/45      AC:  8    Str: 11    XL:     6   Next: 97%
Magic:  1/11       EV: 12    Int: 17    God:    Nemelex Xobeh [*.....]
Gold:   121        SH:  0    Dex: 11    Spells: 4/12 levels left

rFire   . . .        b - +0 short sword
rCold   . . .        (no shield)
rNeg    . . .        (body armour unavailable)
rPois   .            (helmet restricted)
rElec   .            (no cloak)
rCorr   .            k - +0 pair of gloves
SInv    .            g - +0 pair of boots
Will    .....        u - amulet of faith
Stlth   ++           s - ring of wizardry
HPRegen 0.27/turn    (no ring)
MPRegen 0.12/turn

%: faith, wizardry (x1)
@: studying Short Blades
A: AC +6, unfitting armour, cold-blooded
a: Renounce Religion, Draw Escape, Draw Destruction, Draw Summoning


You were in an ossuary.
You worshipped Nemelex Xobeh.
Nemelex Xobeh was aware of your devotion.
You visited 1 branch of the dungeon, and saw 4 of its levels.
You also visited: Ossuary.

You collected 121 gold pieces.

Inventory:

Hand Weapons
 b - a +0 short sword (weapon)
 l - a +0 falchion of holy wrath
Missiles
 j - 11 poisoned darts
Armour
 g - a +0 pair of boots (worn)
 k - a +0 pair of gloves (worn)
Magical Staves
 m - a staff of fire
Jewellery
 s - a ring of wizardry (left hand)
 u - an amulet of faith (around neck)
Scrolls
 d - a scroll of immolation {unknown}
 e - 4 scrolls of teleportation {unknown}
 h - 3 scrolls of amnesia {unknown}
 n - a scroll of silence {unknown}
 o - 2 scrolls of blinking {unknown}
 p - a scroll of vulnerability {unknown}
 r - a scroll of fog {unknown}
 t - a scroll of noise {unknown}
 v - a scroll of enchant weapon {unknown}
Potions
 a - a potion of magic
 c - 2 potions of curing {unknown}
 f - a potion of brilliance {unknown}
 i - a potion of enlightenment {unknown}
 q - a potion of degeneration {unknown}
 w - a potion of cancellation {unknown}


   Skills:
 + Level 1.9 Short Blades
 - Level 3.5 Dodging
 - Level 1.7 Stealth
 + Level 3.7 Spellcasting
 + Level 2.0 Conjurations
 - Level 2.0 Translocations
 - Level 2.0 Transmutations
 + Level 4.6 Earth Magic


You had 4 spell levels left.
You knew the following spells:

 Your Spells              Type           Power      Damage    Failure   Level
a - Sandblast             Erth           36%        2d10      1%          1
b - Passwall              Tmut/Erth      11%        N/A       2%          2
c - Stone Arrow           Conj/Erth      28%        3d8       4%          3
d - Blink                 Tloc           18%        N/A       4%          2

Your spell library contained the following spells:

 Spells                   Type           Power      Damage    Failure   Level
 Lesser Beckoning         Tloc           18%        N/A       4%          2
 Momentum Strike          Conj/Tloc      20%        3d8       4%          2
 Brom's Barrelling Bould  Conj/Erth      14%        2d4       16%         4
 Petrify                  Tmut/Erth      14%        N/A       16%         4
 Ozocubu's Armour         Ice            3%         N/A       19%         3
 Ozocubu's Refrigeration  Ice            1%         4d7       100%        7


Dungeon Overview and Level Annotations

Branches:
Dungeon (4/15)            Ossuary (1/1)
 Temple: D:4-7

Altars:
Dithmenos
Fedhas
Nemelex Xobeh

Shops:
D:1 ?


Innate Abilities, Weirdness & Mutations

Your plain brown scales are hard. (AC +6)
You cannot fit into any form of body armour.
You are cold-blooded and may be slowed by cold attacks.


Message History

The blast of sand hits the mummy!
You destroy the mummy!
A mummy comes into view.
Training target 2.0 for Translocations reached!
Your Translocations skill increases to level 2!
You close the door.
A mummy opens the door.
You close the door.
A mummy opens the door.
You close the door.
A mummy breaks down the door.
It's broken and can't be closed.
It's broken and can't be closed.
Casting: Sandblast (safe; 1% risk of failure)
Confirm with . or Enter, or press ? or * to list all spells.
Aiming: Sandblast (safe; 1% risk of failure)
Press: ? - help, Shift-Dir - straight line, f - mummy
Aim: a mummy (91% to hit)
The blast of sand hits the mummy.
The mummy is moderately damaged.
Casting: Sandblast (safe; 1% risk of failure)
Confirm with . or Enter, or press ? or * to list all spells.
Aiming: Sandblast (safe; 1% risk of failure)
Press: ? - help, Shift-Dir - straight line, f/p - mummy
Aim: a mummy (moderately damaged, 91% to hit)
The blast of sand hits the mummy!
The mummy is severely damaged.
A bullfrog zombie comes into view.
A mummy comes into view.
You barely miss the mummy.
The mummy is severely damaged.
You hit the mummy but do no damage.
The mummy is severely damaged.
The mummy hits you!
* * * LOW HITPOINT WARNING * * *
You barely miss the mummy.
You tail-slap the mummy, but do no damage.
The mummy is severely damaged.
The mummy attacks as it pursues you! The mummy hits you.
You die...
Your body disappears without a glow.

~~.#≈#
~~~#≈ .~.~
# .~~ ≈#≈
~. ~≈≈≈
#####~#~~#
#@M.#~'.#
#.∩.Z~#
#...#~.P#
#####~~##
..P~ .~###
P~# ###


You could see a mummy and a bullfrog zombie.

Vanquished Creatures
  2 centaurs (D:4)
  A bullfrog zombie (Ossuary)
  A centaur zombie (Ossuary)
  2 orc priests (D:2)
  4 mummies (Ossuary)
  5 adders
  2 worms (D:2)
  2 dart slugs (D:1)
  An orc (D:2)
  9 ball pythons
  An endoplasm (D:1)
  2 giant cockroaches
  4 goblins
  8 hobgoblins
  3 jackals (D:3)
  8 kobolds
  3 quokkas
  8 bats
  4 frilled lizards
  6 rats
76 creatures vanquished.

Notes
Turn   | Place    | Note
-------+----------+-------------------------------------------
     0 | D:1      | Hubris850 the Draconian Earth Elementalist began the quest
                  | for the Orb.
     0 | D:1      | Reached XP level 1. HP: 14/14 MP: 3/3
   188 | D:1      | Reached XP level 2. HP: 20/20 MP: 1/5
   248 | D:1      | Found Gerhocwoem's Magic Scroll Boutique.
  1218 | D:2      | Reached XP level 3. HP: 26/26 MP: 1/6
  1342 | D:2      | Reached XP level 4. HP: 24/33 MP: 2/8
  1906 | D:2      | Found a faded altar of an unknown god.
  2804 | D:3      | Found a sparkling altar of Nemelex Xobeh.
  2809 | D:3      | Became a worshipper of Nemelex Xobeh the Trickster
  3110 | D:3      | Learned a level 2 spell: Passwall
  3114 | D:3      | Learned a level 3 spell: Stone Arrow
  3117 | D:3      | Learned a level 2 spell: Blink
  3235 | D:3      | Found a blossoming altar of Fedhas.
  3359 | D:3      | Reached XP level 5. HP: 38/38 MP: 7/9
  3366 | D:3      | Reached skill level 4 in Earth Magic
  3853 | D:4      | Reached * piety under Nemelex Xobeh
  3865 | D:4      | Found a shadowy altar of Dithmenos.
  4007 | D:4      | Noticed a centaur
  4010 | D:4      | Noticed a centaur
  4014 | D:4      | Killed a centaur
  4015 | D:4      | Reached skill level 1 in Conjurations
  4015 | D:4      | Reached skill level 1 in Translocations
  4018 | D:4      | Killed a centaur
  4019 | D:4      | Reached XP level 6. HP: 7/45 MP: 2/11
  4336 | D:4      | Found a sand-covered staircase.
  4345 | Ossuary  | Entered an ossuary
  4365 | Ossuary  | Reached skill level 1 in Short Blades
  4461 | Ossuary  | HP: 2/45 [mummy (8)]
  4464 | Ossuary  | Slain by a mummy

Illustrated notes

Levels and vault maps discovered:
D:1:      dpeg_arrival_pits, layout_loops_corners, serial_shops,
          nicolae_square_shop
D:2:      layout_basic, basic_ecumenical_altar, minmay_misc_feat_secret_circle,
          minmay_misc_feat_columns
D:3:      layout_loops_corners, fedhas_ov_isle_minmay,
          nemelex_spade_bored_becter, serial_co_window_serial,
          co_window_corner_a, co_window_of_opportunity_a, co_window_paths_a,
          co_window_of_opportunity_a, co_window_cross_1, co_window_paths_a,
          co_window_paths_b, co_window_broadway_c, co_window_broadway_b,
          co_window_corner_b, co_window_of_opportunity_b, co_window_4corner_a,
          glass_columns_b, glass_columns_c, glass_columns_c, glass_columns_b,
          glass_columns_a, chequers_hall_statues_corner_a
D:4:      layout_gridville, mainiacjoe_overflow_alcove_1,
          nicolae_ossuary_entry_ruins, minmay_manual_mares
Ossuary:  ossuary_zaba_flooded

Skill      XL: |  1  2  3  4  5  6 |
---------------+-------------------+-----
Dodging        | 2 3 |  3.5
Transmutations | 2 |  2.0
Spellcasting   | 3 |  3.7
Earth Magic    | 4 |  4.6
Conjurations   | 1 2 |  2.0
Translocations | 1 2 |  2.0
Short Blades   | 1 |  1.9
Stealth        | |  1.7

Action                     |  1- 3 |  4- 6 || total
---------------------------+-------+-------++-------
  Melee: Short sword       |     5 |     8 ||    13
         Tailslap          |     1 |     2 ||     3
   Cast: Sandblast         |    39 |    94 ||   133
 Armour: Skin              |    10 |    60 ||    70
  Dodge: Dodged            |    10 |    41 ||    51

Table legend: (Time is in decaauts)
 A = Elapsed time spent in this place.
 B = Non-inter-level travel time spent in this place.
 C = Inter-level travel time spent in this place.
 D = Time resting spent in this place.
 E = Time spent auto-exploring this place.
 F = Levels seen in this place.
 G = Mean time per level.
                   A        B        C        D        E       F      G
               +--------+--------+--------+--------+--------+-----+--------+
         Total |   4529 |   4423 |    106 |    342 |   3313 |   5 |  905.8 |
       Dungeon |   4399 |   4293 |    106 |    286 |   3311 |   4 | 1099.8 |
       Ossuary |    130 |    130 |      0 |     56 |      2 |   1 |  130.0 |
               +--------+--------+--------+--------+--------+-----+--------+

Top non-repeatable levels by time:
     D:1: 1333 daAuts
     D:3: 1315 daAuts
     D:2: 1178 daAuts
     D:4: 572 daAuts
 Ossuary: 130 daAuts
